 Dungeon Crawl Stone Soup version 0.19-a0-49-gb8736b8 (webtiles) character file.

94 Mefis the Magician (level 4, -4/24 HPs)
             Began as a Deep Elf Wizard on May 6, 2016.
             Killed by divine providence
             ... invoked by an orc priest
              (10 damage)
             ... on level 3 of the Dungeon.
             The game lasted 00:08:07 (2346 turns).

Mefis the Magician (Deep Elf Wizard)                Turns: 2346, Time: 00:08:07

Health: -4/24      AC:  3    Str:  4    XL:     4   Next: 38%
Magic:  1/13       EV: 19    Int: 24    God:
Gold:   97         SH:  0    Dex: 18    Spells: 5 memorised, 3 levels left

rFire  . . .     SeeInvis .     h - +0 short sword
rCold  . . .     Gourm    .     a - +0 robe
rNeg   . . .     Faith    .     (no shield)
rPois  .         Spirit   .     b - +0 hat
rElec  .         Dismiss  .     (no cloak)
rCorr  .         Reflect  .     x - +0 pair of gloves
SustAt +         Harm     .     (no boots)
MR     .....                    f - amulet of magic regeneration
Stlth  +++++.....               w - ring of stealth
                                o - ring of sustain attributes

@: agile, very slightly contaminated, repel missiles, not resistant to hostile
enchantments, quite stealthy
A: no striking features
a: no special abilities


You were on level 3 of the Dungeon.
You were not hungry.

You visited 1 branch of the dungeon, and saw 3 of its levels.

You collected 97 gold pieces.

Inventory:

Hand Weapons
 h - a +0 short sword (weapon)
Missiles
 q - 20 arrows
Armour
 a - a +0 robe (worn)
 b - a +0 hat (worn)
 x - a +0 pair of gloves (worn)
Jewellery
 f - an amulet of magic regeneration (around neck)
 o - a ring of sustain attributes (left hand)
 w - a ring of stealth (right hand)
Wands
 t - a wand of random effects (31/48)
Scrolls
 e - a scroll of remove curse
 i - a scroll of fear {unknown}
 l - 2 scrolls of identify {unknown}
 m - a scroll of magic mapping {unknown}
Potions
 j - a potion of agility
 k - a potion of cancellation {unknown}
 n - 2 potions of degeneration {unknown}
 p - a potion of ambrosia {unknown}
 s - a potion of flight {unknown}
 v - a potion of might {unknown}
 z - a potion of haste {unknown}
Books
 c - a book of Minor Magic

   Spells                             Type                      Level
   a - Magic Dart                     Conjuration                  1
   b - Blink                          Translocation                2
   c - Call Imp                       Summoning                    2
   d - Repel Missiles                 Charms/Air                   2
   e - Slow                           Hexes                        2
   f - Conjure Flame                  Conjuration/Fire             3
   g - Mephitic Cloud                 Conjuration/Poison/Air       3
Comestibles
 d - 3 bread rations
 g - a royal jelly
 r - a slice of pizza
 u - a beef jerky


   Skills:
 * Level 3.4 Dodging
 * Level 3.9 Stealth
 + Level 5.0 Spellcasting
 + Level 1.9 Conjurations
 + Level 2.0 Summonings
 - Level 1.1 Translocations


You had 3 spell levels left.
You knew the following spells:

 Your Spells              Type           Power        Failure   Level  Hunger
a - Magic Dart            Conj           ###.         4%          1    None
b - Call Imp              Summ           ###.....     8%          2    None
c - Blink                 Tloc           N/A          12%         2    None
d - Repel Missiles        Chrm/Air       #.....       14%         2    None
e - Mephitic Cloud        Conj/Pois/Air  #.......     24%         3    ##.....


Dungeon Overview and Level Annotations

Branches:
Dungeon (3/15)

Altars:
Cheibriados
Fedhas
Okawaru
Yredelemnul


Message History

The orc priest seems less confused.
Your crimson imp hits the orc.
The orc completely misses your crimson imp.
The orc barely misses you.
Your crimson imp hits the bush but does no damage.
A goblin comes into view.
The orc closely misses your crimson imp.
The orc misses you.
Casting: Call Imp
Confirm with . or Enter, or press ? or * to list all spells.
You blink.
Your crimson imp hits the orc but does no damage.
The goblin misses your crimson imp.
The orc hits your crimson imp with a club.
Your crimson imp hits the orc.
Your crimson imp blinks!
The goblin closely misses your crimson imp.
Your crimson imp hits the orc but does no damage.
The orc priest mumbles some strange prayers to Beogh against you.
Beogh smites you!
You die...

#...........# #...
#.......###.###########...
#......##...P.##..........
#....>.#...⌠P.§P..........
#.....^#.P...o.#..[.###...
#...))..#_.oo_##....# #...
#.......##.#§P#g....# #...
#........l.o.o55....# ####
#####....@######'#.†#
#####.# #.#..# #.# #.#...+
####'######+#####
#........... #...........
#........... #...........
#.(.........


You could see an orc priest, 2 orcs, a goblin, a giant newt and 2 friendly
crimson imps.

Vanquished Creatures
  2 adders (D:2)
  An ooze (D:1)
  A worm (D:3)
  A dart slug (D:1)
  5 giant geckos
  2 orcs (D:3)
  3 giant cockroaches
  3 goblins
  8 hobgoblins
  4 jackals (D:1)
  A ball python (D:2)
  12 bats
  A giant newt (D:2)
  6 kobolds
  3 rats
53 creatures vanquished.

Vanquished Creatures (collateral kills)
  2 worms (D:2)
  A ball python (D:2)
3 creatures vanquished.

Grand Total: 56 creatures vanquished

Notes
Turn   | Place    | Note
--------------------------------------------------------------
     0 | D:1      | Mefis the Deep Elf Wizard began the quest for the Orb.
     0 | D:1      | Reached XP level 1. HP: 10/10 MP: 7/7
    78 | D:1      | Reached XP level 2. HP: 15/15 MP: 1/9
   415 | D:1      | Learned a level 2 spell: Call Imp
   418 | D:1      | Learned a level 2 spell: Blink
   421 | D:1      | Learned a level 2 spell: Repel Missiles
   607 | D:1      | Reached XP level 3. HP: 15/19 MP: 7/11
  1151 | D:2      | Found a blossoming altar of Fedhas.
  1341 | D:2      | Reached skill level 5 in Spellcasting
  1480 | D:2      | Reached XP level 4. HP: 15/24 MP: 9/13
  2125 | D:3      | Found an iron altar of Okawaru.
  2125 | D:3      | Found a basalt altar of Yredelemnul.
  2128 | D:3      | Found a snail-covered altar of Cheibriados.
  2320 | D:3      | Learned a level 3 spell: Mephitic Cloud
  2346 | D:3      | Killed from afar by an orc priest

Vault maps used:
D:1:      dpeg_arrival_windows_large_door, serial_bayou_pond_c
D:2:      hangedman_abyss_or_decor_stabs, fedhas_altar_3
D:3:      gammafunk_temple_overflow_forgotten, gup_sewer_entry_bowl,
          first_bread, minmay_misc_feat_pillars, serial_park_tiny_2,
          grunt_ministairs_9, minivault_24, uniq_jessica

Skill      XL: |  1  2  3  4 |
---------------+-------------+-----
Dodging        | 3 |  3.4
Stealth        | 3 |  3.9
Spellcasting   | 5 |  5.0
Summonings     | 2 |  2.0
Conjurations   | |  1.9
Translocations | |  1.1

Action                   |  1- 3 |  4- 6 || total
-------------------------+-------+-------++-------
Melee: Short sword       |    11 |    15 ||    26
 Cast: Magic Dart        |    93 |    36 ||   129
       Repel Missiles    |     1 |       ||     1
       Call Imp          |     3 |     6 ||     9
       Blink             |     1 |     1 ||     2
       Mephitic Cloud    |       |     3 ||     3
  Use: Scroll            |     1 |       ||     1
       Potion            |       |     1 ||     1
 Stab: Sleeping          |     6 |     6 ||    12
  Eat: Chunk             |     1 |       ||     1
       Meat ration       |       |     1 ||     1
Armor: Robe              |    12 |     3 ||    15
Dodge: Dodged            |    30 |    23 ||    53
